AoeStats
← jomanuel28

Black Forest

510875711Analyzed
4v4 RM · 12h ago on Oct 2, 2026· 22m 52s· 8 players
Game mode
Random Map
Map size
Large (8 player)
Population
200
Speed
Normal
Resources
Standard
Victory
Conquest
Starting age
Dark Age
Ending age
Imperial Age
RankedLock teamsTeams togetherTeam positionsShared explorationLock speedFull tech treeHidden civsTurbo modeCheats
Victory
Defeat
🇳🇱 Mongols · Netherlands
1436
+9
🇨🇴 Hindustanis · Colombia
1390
+11
🇺🇸 Danes · United States
1330
+13
🇦🇺 Inca · Australia
1270
+15
🇧🇷 Saracens · Brazil
1351
-15
🇧🇷 Celts · Brazil
1272
-12
🇧🇷 Sicilians · Brazil
1229
-11
🇧🇷 Burgundians · Brazil
1219
-10
Snorkiss89
0:57 Loom
10:52 Feudal Age
15:41 Fletching
19:09 Castle Age
19:04 Double-Bit Axe
19:00 Horse Collar
22:08 Scale Mail Armor
anomally
13:02 Feudal Age
17:03 Castle Age
16:04 Double-Bit Axe
16:48 Horse Collar
22:24 Heavy Plow
22:38 Bow Saw
22:45 Bow Saw
23:15 Wheelbarrow
jomanuel28
6:50 Loom
10:20 Feudal Age
15:04 Double-Bit Axe
17:43 Castle Age
16:27 Horse Collar
17:03 Fishing Lines
19:27 Bow Saw
20:03 Gillnets
21:18 Wheelbarrow
20:28 Town Watch
21:22 Man-at-Arms
Crazybus
6:40 Loom
10:38 Feudal Age
14:26 Castle Age
13:09 Double-Bit Axe
17:30 Bow Saw
24:03 Wheelbarrow
23:11 Horse Collar
ZePablo
6:47 Loom
9:51 Feudal Age
11:21 Fletching
21:58 Castle Age
20:05 Double-Bit Axe
20:29 Horse Collar
23:02 Bow Saw
Dougras
1:14 Loom
14:08 Feudal Age
15:02 Double-Bit Axe
17:32 Town Watch
20:40 Castle Age
19:32 Fletching
19:59 Horse Collar
20:10 Gold Mining
20:12 Stone Mining
Alex_AoE
10:11 Feudal Age
10:43 Double-Bit Axe
10:40 Horse Collar
16:10 Forging
18:34 Scale Barding Armor
21:17 Castle Age
19:18 Gold Mining
22:14 Bow Saw
XydanAlves
10:43 Feudal Age
11:28 Double-Bit Axe
13:36 Bow Saw
15:40 Loom
17:56 Castle Age
18:49 Wheelbarrow
19:59 Two-Man Saw
19:01 Horse Collar
Connection lost

Rejoining the realm…

Still unreachable

The connection could not be restored.

Session expired

The server has moved on; the page needs a fresh start.